 Dungeon Crawl Stone Soup version 0.27.1-4-g1640c2035a (webtiles) character file.

Game seed: 4093466313251115490

5186 Borgoz the Fighter (level 10, -4/66 HPs)
             Began as a Gargoyle Berserker on Nov 3, 2021.
             Was a Believer of Trog.
             Slain by raph's ghost (6 damage)
             ... on level 7 of the Dungeon on Nov 9, 2021.
             The game lasted 00:10:18 (9085 turns).

Borgoz the Fighter (Gargoyle Berserker)             Turns: 9085, Time: 00:10:19

Health: -4/66      AC: 20    Str: 21    XL:     10   Next: 60%
Magic:  10/10      EV: 17    Int:  8    God:    Trog [**....]
Gold:   309        SH:  0    Dex: 12    Spells: 9/9 levels left

rFire    . . .     SeeInvis .   b - +0 mace (holy)
rCold    . . .     Faith    .   (no shield)
rNeg     + + .     Spirit   .   E - +4 scale mail {rPois}
rPois    ∞         Reflect  .   (no helmet)
rElec    +         Harm     .   r - +0 cloak
rCorr    .         Rampage  .   (no gloves)
Will     .....                  (no boots)
Stlth    ..........             (no amulet)
HPRegen  0.21/turn              A - ring of positive energy
MPRegen  0.12/turn              (no ring)

@: mighty, agile, on berserk cooldown, very slightly contaminated, slowed,
invisible, very slow
A: sickness immunity, AC +7, negative energy resistance 1, electricity
resistance, torment resistance 1, petrification resistance
a: Renounce Religion, Berserk, Trog's Hand


You were on level 7 of the Dungeon.
You worshipped Trog.
Trog was pleased with you.
You visited 1 branch of the dungeon, and saw 7 of its levels.

You collected 309 gold pieces.

Inventory:

Hand Weapons
 a - a +3 mace of draining
 b - a +0 mace of holy wrath (weapon)
Missiles
 D - 2 throwing nets (quivered)
Armour
 r - a +0 cloak (worn)
 E - a +4 scale mail of poison resistance (worn)
Jewellery
 A - a ring of positive energy (left hand)
Wands
 n - a wand of iceblast (21)
Scrolls
 d - a scroll of silence {unknown}
 e - a scroll of blinking {unknown}
 g - a scroll of magic mapping {unknown}
 h - a scroll of enchant weapon {unknown}
 i - 2 scrolls of teleportation {unknown}
 k - 2 scrolls of acquirement {unknown}
 s - 2 scrolls of immolation {unknown}
 v - a scroll of vulnerability {unknown}
 y - a scroll of torment {unknown}
 B - a scroll of holy word {unknown}
 C - a scroll of amnesia {unknown}
Potions
 f - a potion of brilliance
 j - 2 potions of might
 l - 2 potions of haste {unknown}
 m - 2 potions of flight
 o - a potion of lignification
 p - a potion of mutation {unknown}
 t - a potion of degeneration {unknown}
 u - 2 potions of cancellation {unknown}
 w - a potion of attraction
 x - a potion of magic
 z - 2 potions of ambrosia {unknown}


   Skills:
 + Level 9.1 Fighting
 + Level 8.3 Maces & Flails
 + Level 8.7 Armour
 + Level 6.6 Dodging


You had 9 spell levels left.
You didn't know any spells.
Your spell library was empty.

Dungeon Overview and Level Annotations

Branches:
Dungeon (7/15)             Temple (0/1) D:7

Altars:
Cheibriados
Fedhas
Gozag
Nemelex Xobeh
Okawaru
Sif Muna

Shops:
D:1 (=(

Annotations:
D:7 raph's ghost, novice TrBe


Innate Abilities, Weirdness & Mutations

You are immune to sickness and miasma.
Your stone body is resilient. (AC +7)
You are immune to poison.
You resist negative energy. (rN+)
You are resistant to electric shocks. (rElec)
You are resistant to unholy torment.
You are immune to petrification.


Message History

The kobold brigand hits you but does no damage. x2
The kobold brigand barely misses you. Raph's ghost hits you!
* * * LOW HITPOINT WARNING * * *
The kobold brigand hits you with a +0 club.
* * * LOW HITPOINT WARNING * * *
You feel much better. The kobold brigand misses you. Raph's ghost hits you!
The kobold brigand hits you with a +0 club.
* * * LOW HITPOINT WARNING * * *
You fade into invisibility!
Raph's ghost hits you but does no damage.
The kobold brigand throws a poisoned dart.
The poisoned dart barely misses raph's ghost.
The poisoned dart misses you. The kobold brigand misses you.
The kobold brigand throws a curare-tipped dart.
The curare-tipped dart closely misses the kobold brigand.
The curare-tipped dart closely misses you.
The kobold brigand misses you.
Raph's ghost hits you but does no damage.
The kobold brigand barely misses you.
You are very lightly contaminated with residual magic.
You sock raph's ghost!
Raph's ghost convulses.
Raph's ghost is lightly damaged.
The kobold brigand hits you with a +2 short sword of speed.
* * * LOW HITPOINT WARNING * * *
Raph's ghost hits you!
* * * LOW HITPOINT WARNING * * *
The kobold brigand closely misses you. The kobold brigand misses you.
You catch the helpless raph's ghost completely off-guard!
You bludgeon raph's ghost!!
Raph's ghost convulses.
Raph's ghost is heavily damaged.
Raph's ghost barely misses you.
The kobold brigand throws a curare-tipped dart.
The curare-tipped dart hits the kobold brigand.
The kobold brigand is poisoned.
The kobold brigand convulses.
The kobold brigand seems to slow down.
The kobold brigand closely misses you.
The kobold brigand throws a poisoned dart.
The poisoned dart closely misses raph's ghost.
The poisoned dart barely misses you. The kobold brigand closely misses you.
Raph's ghost hits you.
You die...

#.# #.#........##.# #. #.#
###.#.#..######.# #. #.#
#........######.# #. #.#
#.#######.......# #. #.###
#.###.[.############ #.
....# #.##.....## #....# #.
#.#.# #.#.#.K.#.#####.##.#
#.
#.#.####.#⌠.#.#WK#.....##.#
#.
#.#......#.#...#@########.#
#. #.#########..KKK### #.#
#. #.........##)'K##.#
#.######.
########..........#
#..(..... #...)..#####
#.######. ######## ### ##


You could see 6 kobold brigands and raph's ghost.

Vanquished Creatures
  Harold (D:7)
  Pikel (D:7)
  The ghost of PaladinM the Carver, a novice DgWr (D:6)
  A kobold demonologist (D:7)
  Grinder (D:3)
  A vampire (D:6)
  A wraith (D:6)
  A wyvern (D:5)
  Menkaure (D:7)
  Duvessa (D:4)
  2 sky beasts (D:6)
  2 ice beasts
  A black bear (D:6)
  2 necrophages
  5 ogres
  3 phantoms
  5 kobold brigands
  2 bullfrogs
  A water moccasin zombie (D:6)
  Dowan (D:4)
  2 howler monkeys
  2 bullfrog zombies
  A centaur zombie (D:7)
  3 hounds
  3 jellies
  A gnoll shaman (D:6)
  Crazy Yiuf (D:5)
  An iguana (D:4)
  An orc wizard (D:7)
  A spectral howler monkey (D:6)
  A mummy (D:6)
  9 gnolls
  A howler monkey skeleton (D:7)
  An adder (D:5)
  A shadow imp (D:6)
  2 white imps (D:7)
  3 ufetubi
  3 dart slugs
  5 orcs
  A bat (D:2)
  4 endoplasms (D:1)
  2 giant cockroaches
  2 hobgoblins (D:1)
  4 jackals
  4 quokkas
  3 ball pythons
  A frilled lizard (D:2)
  3 goblins
  12 kobolds
  4 rats
116 creatures vanquished.

Vanquished Creatures (others)
  4 plants (D:1)
  2 withered plants (D:1)
6 creatures vanquished.

Grand Total: 122 creatures vanquished

Notes
Turn   | Place    | Note
-------+----------+-------------------------------------------
     0 | D:1      | Borgoz the Gargoyle Berserker began the quest for the Orb.
     0 | D:1      | Reached XP level 1. HP: 14/14 MP: 1/1
   161 | D:1      | Reached XP level 2. HP: 17/19 MP: 2/2
   196 | D:1      | Found Geti's Jewellery Emporium.
   435 | D:1      | Found Tashras's Weapon Shop.
   453 | D:1      | Found a faded altar of an unknown god.
   589 | D:1      | Found Etyint's Weapon Emporium.
  1075 | D:2      | You fall into a shaft and drop 1 floor!
  1215 | D:2      | Reached XP level 3. HP: 23/23 MP: 3/3
  1337 | D:2      | Reached ** piety under Trog
  2240 | D:3      | Found an opulent altar of Gozag.
  2240 | D:3      | Found a sparkling altar of Nemelex Xobeh.
  2495 | D:4      | Noticed Dowan
  2495 | D:4      | Noticed Duvessa
  2991 | D:4      | Noticed Grinder
  3006 | D:3      | Paralysed by Grinder for 5 turns
  3016 | D:3      | Killed Grinder
  3017 | D:3      | Reached skill level 4 in Fighting
  3017 | D:3      | Reached XP level 4. HP: 29/30 MP: 4/4
  3017 | D:3      | Reached XP level 5. HP: 33/34 MP: 5/5
  3017 | D:3      | Reached XP level 6. HP: 37/39 MP: 6/6
  3401 | D:4      | Killed Duvessa
  3402 | D:4      | Reached skill level 5 in Fighting
  3402 | D:4      | Reached XP level 7. HP: 44/44 MP: 7/7
  3425 | D:4      | Killed Dowan
  4042 | D:5      | Entered Level 5 of the Dungeon
  4119 | D:5      | Reached skill level 5 in Maces & Flails
  4281 | D:5      | Found a runed translucent door.
  4292 | D:5      | Noticed Crazy Yiuf
  4299 | D:5      | Paralysed by Crazy Yiuf for 4 turns
  4304 | D:5      | Killed Crazy Yiuf
  4624 | D:5      | Reached skill level 5 in Armour
  4770 | D:5      | Reached XP level 8. HP: 14/51 MP: 8/8
  5231 | D:5      | Found a shimmering blue altar of Sif Muna.
  5240 | D:5      | Reached skill level 6 in Fighting
  5258 | D:5      | Found a snail-covered altar of Cheibriados.
  5382 | D:5      | Noticed a wyvern
  5387 | D:5      | Killed a wyvern
  6090 | D:6      | Noticed a wraith
  6108 | D:6      | Found a transporter.
  6111 | D:6      | Found a transporter.
  6112 | D:6      | Noticed PaladinM's ghost (novice DgWr)
  6117 | D:6      | Noticed a vampire
  6149 | D:6      | Reached skill level 7 in Fighting
  6149 | D:6      | Reached XP level 9. HP: 49/57 MP: 9/9
  6169 | D:6      | Reached skill level 5 in Dodging
  7672 | D:7      | Noticed Harold
  7686 | D:7      | Killed Harold
  7687 | D:7      | Reached skill level 8 in Fighting
  7772 | D:7      | Reached *** piety under Trog
  7806 | D:7      | Noticed Pikel
  7818 | D:7      | Killed Pikel
  7819 | D:7      | Reached XP level 10. HP: 55/65 MP: 10/10
  7889 | D:7      | Found an iron altar of Okawaru.
  7889 | D:7      | Found a blossoming altar of Fedhas.
  7935 | D:7      | Noticed Menkaure
  7946 | D:7      | Killed Menkaure
  8169 | D:7      | Found a staircase to the Ecumenical Temple.
  8291 | D:7      | Noticed a kobold demonologist
  8292 | D:7      | Found a runed translucent gate.
  8293 | D:7      | Found a runed translucent gate.
  8294 | D:7      | Found a runed translucent gate.
  8296 | D:7      | Noticed raph's ghost (novice TrBe)
  8644 | D:6      | Killed PaladinM's ghost
  9060 | D:7      | Killed a kobold demonologist
  9061 | D:7      | Reached skill level 9 in Fighting
  9084 | D:7      | HP: 2/66 [raph's ghost (13)]
  9085 | D:7      | Slain by raph's ghost

Illustrated notes

Levels and vault maps discovered:
D:1:      lightli_iron_boxes, layout_loops_cross,
          shapermc_ecumenical_altar_flowoftime, serial_shops, shop,
          nicolae_shop_waterfront, nicolae_shop_statue_plus
D:2:      layout_loops_ring, nrook_uturn
D:3:      layout_loops_ring, grunt_temple_overflow_opulence
D:4:      layout_basic, hangedman_abyss_or_decor_passed, uniq_grinder,
          uniq_duvessa
D:5:      layout_loops_corners, mainiacjoe_overflow_catwalk,
          mainiacjoe_overflow_small_starburst, uniq_crazy_yiuf_cottage
D:6:      layout_basic, gammafunk_ghost_mausoleum, nrook_campfire
D:7:      layout_basic, grunt_temple_overflow_open,
          minmay_temple_entry_gardened_gates, gammafunk_ghost_nasty_kobolds,
          uniq_menkaure, uniq_pikel, uniq_harold

Skill      XL: |  1  2  3  4  5  6  7  8  9 10 |
---------------+-------------------------------+-----
Dodging        | 2 3 4 6 |  6.6
Fighting       | 4 5 7 8 9 |  9.1
Maces & Flails | 4 5 6 7 8 |  8.3
Armour         | 3 4 5 6 8 |  8.7

Action                   |  1- 3 |  4- 6 |  7- 9 | 10-12 || total
-------------------------+-------+-------+-------+-------++-------
Melee: Mace              |   142 |       |   217 |   140 ||   499
       Flail             |    24 |    45 |    52 |       ||   121
Invok: Berserk           |     2 |     2 |     5 |     3 ||    12
       Trog's Hand       |     1 |       |     3 |     4 ||     8
  Use: Potion            |     1 |       |       |     3 ||     4
       Scroll            |       |       |     5 |     1 ||     6
 Stab: Invisible         |       |       |       |     1 ||     1
Armor: Animal skin       |    24 |       |       |       ||    24
       Scale mail        |    39 |    39 |   173 |   116 ||   367
Dodge: Dodged            |    76 |    38 |   188 |   105 ||   407
